Map: Invader LE

Players

LiquidTLO (TLO) - Winner!

  • Race: Zerg Zerg
  • League: Grandmaster

MarineLorD

  • Race: Terran Terran
  • League: Grandmaster

VOD

Have the link to the VOD?

Description

Time

  • Played on: July 5, 2016, 2:41 p.m.
  • Length: 9:02
Show
View Real Time Build Order
Export as new Build Order

LiquidTLO Zerg - Winner!

Build Orders: Hatch First, Zergling Baneling 

Get SALT Encoding   

  12  0:01  Drone  
  13  0:13  Overlord  
  13  0:18  Drone  
  14  0:31  Drone  
  14  0:32  Drone  
  16  0:37  Drone  
  17  0:52  Hatchery  
  17  0:56  Drone  
  17  1:00  Drone  
  18  1:04  Extractor  
  17  1:14  Spawning Pool  
  17  1:16  Drone  
  17  1:20  Drone  
  18  1:29  Drone  
  19  1:40  Overlord  
  19  1:54  Drone  
  21  2:01  Queen, Drone  
  21  2:04  Metabolic Boost, Queen  
  26  2:08  Zergling x2  
  26  2:12  Zergling x2  
  27  2:16  Drone  
  28  2:23  Drone  
  28  2:27  Drone  
  30  2:33  Overlord  
  30  2:36  Drone  
  30  2:37  Queen  
  32  2:45  Drone  
  33  2:52  Hatchery  
  33  2:56  Zergling x4  
  34  2:59  Drone  
  35  3:06  Overlord  
  35  3:08  Drone  
  35  3:11  Drone x2  
  38  3:13  Drone  
  38  3:15  Drone  
  40  3:20  Drone  
  40  3:21  Drone x2  
  40  3:26  Drone  
  44  3:30  Drone  
  45  3:36  Baneling Nest, Overlord  
  44  3:44  Overlord  
  44  3:45  Overlord  
  44  3:47  Overlord  
  44  3:49  Overlord  
  44  3:54  Overlord, Extractor  
  43  3:56  Drone x2  
  43  3:59  Zergling x2  
  43  4:02  Zergling x2  
  47  4:03  Drone  
  47  4:04  Zergling x2  
  47  4:07  Zergling x2  
  49  4:10  Drone  
  49  4:13  Queen  
  49  4:15  Zergling x2  
  51  4:17  Zergling x2  
  51  4:18  Zergling x2  
  51  4:20  Zergling x2  
  51  4:21  Zergling x2  
  51  4:22  Zergling x2  
  56  4:24  Zergling x2  
  56  4:25  Zergling x2  
  56  4:27  Zergling x2  
  56  4:28  Zergling x2  
  60  4:32  Zergling x2  
  60  4:33  Zergling x2  
  60  4:37  Zergling x2  
  63  4:40  Queen  
  63  4:44  Baneling x4  
  63  4:45  Baneling  
  65  4:46  Spore Crawler  
  65  4:49  Baneling x4  
  65  4:51  Zergling x2  
  65  4:55  Zergling x4  
  65  4:57  Zergling x2  
  65  4:58  Zergling x2  
  69  5:00  Zergling x2  
  69  5:01  Zergling x2  
  69  5:03  Zergling x4  
  69  5:05  Zergling x2  
  69  5:07  Baneling x2  
  74  5:08  Zergling x2  
  72  5:17  Zergling x2  
  72  5:18  Zergling x2  
  72  5:19  Baneling x2  
  72  5:21  Zergling x2  
  70  5:23  Zergling x4  
  70  5:25  Zergling x4  
  70  5:26  Zergling x2  
  70  5:28  Zergling x4  
  70  5:30  Zergling x2  
  70  5:34  Zergling x2  
  70  5:35  Zergling x2  
  65  5:37  Zergling x2  
  65  5:38  Drone  
  66  5:43  Drone  
  66  5:48  Drone x2  
  68  5:53  Roach Warren, Extractor  
  68  5:54  Drone  
  66  6:00  Spore Crawler  
  66  6:01  Spore Crawler, Drone  
  66  6:02  Evolution Chamber  
  64  6:05  Drone  
  64  6:06  Drone  
  64  6:08  Drone  
  64  6:09  Drone  
  68  6:14  Drone  
  62  6:20  Zergling x4  
  62  6:21  Drone  
  62  6:22  Drone x2  
  66  6:28  Zergling x2  
  66  6:31  Zergling x2, Drone  
  66  6:34  Zerg Ground Armor Level 1  
  66  6:39  Queen, Evolution Chamber  
  65  6:41  Roach  
  65  6:42  Roach  
  65  6:44  Roach, Spore Crawler  
  65  6:45  Spore Crawler  
  69  6:47  Drone  
  69  6:48  Drone  
  69  6:50  Roach  
  69  6:51  Baneling x3  
  69  6:53  Drone  
  74  6:56  Drone  
  74  6:57  Roach  
  74  6:58  Drone  
  78  7:03  Lair  
  78  7:06  Zerg Missile Weapons Level 1, Ravager  
  78  7:08  Drone  
  80  7:10  Drone  
  80  7:11  Drone  
  80  7:13  Ravager x2  
  84  7:18  Roach  
  84  7:20  Roach  
  87  7:24  Overlord  
  87  7:25  Zergling x2  
  87  7:27  Drone  
  89  7:33  Overlord  
  89  7:36  Drone  
  90  7:37  Extractor  
  90  7:40  Overlord  
  90  7:41  Overlord  
  90  7:42  Zergling x2  
  90  7:43  Zergling x2, Ravager x2  
  93  7:44  Zergling x4  
  93  7:45  Zergling x6  
  93  7:47  Roach  
  93  7:50  Roach  
  102  7:53  Roach x2  
  98  8:00  Roach  
  98  8:01  Roach  
  98  8:02  Zergling x6, Roach  
  98  8:04  Zergling x4  
  108  8:07  Zergling x2  
  108  8:09  Ravager  
  110  8:13  Zergling x4  
  110  8:15  Zergling x4  
  110  8:16  Zergling x2  
  110  8:18  Zergling x2  
  114  8:20  Zergling x4  
  114  8:22  Zergling x4  
  114  8:24  Hatchery  
  114  8:31  Roach  
  114  8:32  Zergling x2  
  115  8:36  Roach  
  115  8:39  Roach x2  
Show
View Real Time Build Order
Export as new Build Order

MarineLorD Terran 

Build Orders: Reaper Expand, MMM Bio 

Get SALT Encoding   

  12  0:00  SCV  
  13  0:13  SCV  
  14  0:17  Supply Depot  
  14  0:25  SCV  
  15  0:38  SCV  
  15  0:40  Barracks  
  16  0:45  Refinery  
  16  0:50  SCV  
  17  1:03  SCV  
  18  1:15  SCV  
  19  1:27  Orbital Command  
  19  1:28  Reaper  
  20  1:40  Command Center  
  20  1:50  Barracks  
  20  1:53  SCV  
  21  2:00  Barracks Reactor  
  21  2:03  Supply Depot  
  21  2:06  SCV  
  22  2:16  Refinery  
  22  2:19  SCV  
  23  2:25  Factory  
  23  2:31  SCV  
  24  2:39  Marine x2, Barracks Tech Lab  
  24  2:43  SCV  
  27  2:51  Orbital Command  
  27  2:55  SCV  
  28  3:00  Marine x3  
  28  3:04  Stimpack  
  31  3:07  SCV  
  32  3:18  Marine x2, SCV  
  32  3:19  SCV  
  36  3:20  Marine  
  36  3:26  Starport  
  37  3:28  Factory Reactor  
  37  3:31  SCV  
  37  3:32  SCV  
  39  3:42  Marine  
  39  3:43  SCV  
  39  3:47  SCV  
  40  3:51  Bunker  
  40  3:52  Marine x2  
  40  3:54  Supply Depot  
  42  3:55  SCV  
  42  3:59  SCV  
  44  4:08  SCV  
  45  4:11  SCV  
  45  4:15  Marine x2  
  48  4:18  Medivac x2  
  48  4:20  SCV  
  48  4:23  Supply Depot, SCV  
  54  4:26  Supply Depot  
  54  4:30  Liberator  
  54  4:44  Refinery, Marine x3  
  54  4:45  SCV x2  
  59  4:48  Supply Depot  
  62  4:57  SCV x2  
  64  5:02  Marine x3  
  64  5:04  Engineering Bay  
  64  5:05  Engineering Bay, Combat Shields  
  67  5:09  SCV x2  
  62  5:20  Marine  
  51  5:21  SCV  
  51  5:24  Orbital Command  
  44  5:31  Marine  
  44  5:33  Marine, SCV  
  39  5:45  SCV  
  39  5:46  Marine  
  39  5:49  Marine  
  39  5:50  Marine, SCV  
  39  5:56  Terran Infantry Weapons Level 1  
  37  5:57  SCV  
  37  6:01  Terran Infantry Armor Level 1  
  39  6:04  SCV  
  39  6:07  Marine  
  39  6:09  Marine, SCV  
  42  6:12  Marine  
  42  6:16  Orbital Command  
  34  6:21  SCV  
  34  6:25  Marine  
  35  6:27  Marine  
  35  6:30  Marine  
  33  6:34  SCV  
  33  6:37  Medivac  
  33  6:38  Medivac  
  37  6:42  SCV  
  37  6:43  Marine  
  37  6:44  Marine  
  37  6:46  SCV  
  41  6:48  Marine  
  42  6:54  SCV  
  42  6:55  Supply Depot  
  42  6:58  SCV  
  42  7:01  Marine  
  45  7:02  Marine  
  45  7:08  Supply Depot  
  46  7:10  Supply Depot  
  46  7:12  Liberator, Armory  
  46  7:17  SCV x2  
  46  7:21  Marine x2  
  46  7:22  Marine  
  50  7:23  Liberator  
  50  7:29  SCV x2  
  55  7:41  SCV x2  
  55  7:42  Marine  
  61  7:46  Marine  
  61  7:49  Marine  
  63  7:53  SCV  
  61  8:00  Marine  
  61  8:04  Hellion  
  61  8:05  SCV  
  61  8:07  SCV  
  61  8:08  Marine x2  
  64  8:14  Supply Depot x2  
  64  8:17  SCV  
  64  8:19  Marine  
  64  8:29  SCV  
  64  8:32  SCV  
  62  8:36  Marine  
  62  8:39  Marine x2  
  56  8:41  SCV  
Tags
 
Add a new tag
Caveats
  • Supply blocks, unpowered buildings, or Contaminate may cause inaccurate times.
  • Supply counts are checked every 10 seconds.